PAAA
AUGUSTA TIMBER HAWKS @ ROYSE CITY TARGARYENS
09/01/2023
 
TOP OF THE 1ST
Augusta Timber Hawks batting - Pitching for Royse City Targaryens : RHP Stanley Neal
Pitching: RHP Stanley Neal
Batting: RHB Enrique Pimentel 0-0: Ball
1-0: Ground out 5-3 (Groundball, 56S)
Batting: RHB Rob Warner 0-0: Ball
1-0: Fly out, F5 (Popup, 56S)
Batting: LHB Juan Rodríguez 0-0: Called Strike
0-1: Called Strike
0-2: Ball
1-2: Ball
2-2: Strikes out swinging
Top of the 1st over - 0 run(s), 0 hit(s), 0 error(s), 0 left on base; Augusta 0 - Royse City 0
BOTTOM OF THE 1ST
Royse City Targaryens batting - Pitching for Augusta Timber Hawks : RHP Jim Unknown
Pitching: RHP Jim Unknown
Batting: LHB Eduardo Álvarez 0-0: Ball
1-0: Called Strike
1-1: Foul Ball, location: 2F
1-2: Strikes out swinging
Batting: LHB Carlos Álvarez 0-0: Ball
1-0: Foul Ball, location: 2F
1-1: Called Strike
1-2: Ball
2-2: Foul Ball, location: 2F
2-2: Foul Ball, location: 2F
2-2: SOLO HOME RUN (Flyball, 89XD), Distance : 380 ft
Batting: LHB Sébastien Rolland 0-0: Swinging Strike
0-1: Foul Ball, location: 2F
0-2: Strikes out swinging
Batting: RHB Héctor Ruíz 0-0: Ball
1-0: Called Strike
1-1: Fly out, F5 (Popup, 25)
Bottom of the 1st over - 1 run(s), 1 hit(s), 0 error(s), 0 left on base; Augusta 0 - Royse City 1
TOP OF THE 2ND
Augusta Timber Hawks batting - Pitching for Royse City Targaryens : RHP Stanley Neal
Batting: LHB Chris Rice 0-0: Ground out U3 (Groundball, 3L)
Batting: LHB Emílio Barbán 0-0: Ball
1-0: Ball
2-0: Ball
3-0: Called Strike
3-1: Base on Balls
Batting: RHB Ralph McKnight 0-0: Called Strike
0-1: Foul Ball, location: 2F
0-2: Ball
1-2: Grounds into double play, 6-4-3 (Groundball, 6M)
Top of the 2nd over - 0 run(s), 0 hit(s), 0 error(s), 0 left on base; Augusta 0 - Royse City 1
BOTTOM OF THE 2ND
Royse City Targaryens batting - Pitching for Augusta Timber Hawks : RHP Jim Unknown
Batting: LHB José Tamayo 0-0: Ball
1-0: Ball
2-0: Swinging Strike
2-1: Ground out 3-1 (Groundball, 34S)
Batting: LHB Aurelio Aurillo 0-0: Ball
1-0: Ball
2-0: Fly out, F5 (Popup, 5D)
Batting: LHB Shang-de Zhang 0-0: Ball
1-0: Called Strike
1-1: Ball
2-1: Swinging Strike
2-2: Strikes out swinging
Bottom of the 2nd over - 0 run(s), 0 hit(s), 0 error(s), 0 left on base; Augusta 0 - Royse City 1
TOP OF THE 3RD
Augusta Timber Hawks batting - Pitching for Royse City Targaryens : RHP Stanley Neal
Batting: RHB Claudio Mendoza 0-0: Fly out, F9 (Popup, 34D)
Batting: LHB Gustavo Vázquez 0-0: Called Strike
0-1: Ball
1-1: Ball
2-1: Ball
3-1: Called Strike
3-2: Foul Ball, location: 2F
3-2: Ground out 1-3 (Groundball, 13S)
Batting: RHB Marlon Cummins 0-0: Called Strike
0-1: Ball
1-1: Called Strike
1-2: Ball
2-2: Ground out 6-3 (Groundball, 6)
Top of the 3rd over - 0 run(s), 0 hit(s), 0 error(s), 0 left on base; Augusta 0 - Royse City 1
BOTTOM OF THE 3RD
Royse City Targaryens batting - Pitching for Augusta Timber Hawks : RHP Jim Unknown
Batting: RHB Sancho Balderas 0-0: Ball
1-0: Ball
2-0: Foul Ball, location: 2F
2-1: Swinging Strike
2-2: Strikes out looking
Batting: LHB Jorge Garza 0-0: Foul Ball, location: 2F
0-1: Foul Ball, location: 2F
0-2: Ball
1-2: Ball
2-2: Ball
3-2: SINGLE (Groundball, 5D)
Batting: LHB Eduardo Álvarez 0-0: Swinging Strike
0-1: Ball
1-1: Ball
2-1: SINGLE (Line Drive, 9S)
Jorge Garza to second
Runner from 2nd tries for 3rd, SAFE, throw made to third
Batting: LHB Carlos Álvarez 0-0: Foul Ball, location: 2F
0-1: Ball
1-1: Ball
2-1: Foul Ball, location: 2F
2-2: Foul Ball, location: 2F
2-2: Ball
3-2: Foul Ball, location: 2F
3-2: SINGLE (Groundball, 34)
Jorge Garza scores
Eduardo Álvarez to second
Eduardo Álvarez to third
Batting: LHB Sébastien Rolland 0-0: Ball
1-0: Ball
2-0: SINGLE (Flyball, 7LS)
Eduardo Álvarez scores
Carlos Álvarez to second
Batting: RHB Héctor Ruíz 0-0: Ball
1-0: Called Strike
1-1: Foul Ball, location: 2F
1-2: Strikes out swinging
Batting: LHB José Tamayo 0-0: Ball
1-0: Foul Ball, location: 2F
1-1: Called Strike
1-2: Ball
2-2: Strikes out swinging
Bottom of the 3rd over - 2 run(s), 4 hit(s), 0 error(s), 2 left on base; Augusta 0 - Royse City 3
TOP OF THE 4TH
Augusta Timber Hawks batting - Pitching for Royse City Targaryens : RHP Stanley Neal
Batting: RHB Enrique Pimentel 0-0: Ball
1-0: Foul Ball, location: 2F
1-1: Foul Ball, location: 2F
1-2: Foul Ball, location: 2F
1-2: Ball
2-2: Ground out 4-3 (Groundball, 34)
Batting: RHB Rob Warner 0-0: Foul Ball, location: 2F
0-1: Foul Ball, location: 2F
0-2: Ball
1-2: Foul Ball, location: 2F
1-2: Foul Ball, location: 2F
1-2: Foul Ball, location: 2F
1-2: SINGLE (Groundball, 4MD)
Batting: LHB Juan Rodríguez 0-0: 2-RUN HOME RUN (Flyball, 89XD), Distance : 367 ft
Batting: LHB Chris Rice 0-0: Ball
1-0: SINGLE (Flyball, 8RS)
Batting: LHB Emílio Barbán 0-0: Ground out 3-1 (Groundball, 34)
Chris Rice to second
Batting: RHB Ralph McKnight 0-0: Swinging Strike
0-1: Swinging Strike
0-2: Ball
1-2: Ball
2-2: Ball
3-2: Fly out, F6 (Popup, 56D)
Top of the 4th over - 2 run(s), 3 hit(s), 0 error(s), 1 left on base; Augusta 2 - Royse City 3
BOTTOM OF THE 4TH
Royse City Targaryens batting - Pitching for Augusta Timber Hawks : RHP Jim Unknown
Batting: LHB Aurelio Aurillo 0-0: Called Strike
0-1: Ball
1-1: Fly out, F7 (Line Drive, 78D)
Batting: LHB Shang-de Zhang 0-0: Ball
1-0: Foul Ball, location: 2F
1-1: Ball
2-1: Ball
3-1: Called Strike
3-2: Base on Balls
Batting: RHB Sancho Balderas 0-0: Swinging Strike
0-1: Called Strike
0-2: Ball
1-2: Strikes out swinging
Batting: LHB Jorge Garza 0-0: Ball
1-0: Fly out, F7 (Flyball, 78M)
Bottom of the 4th over - 0 run(s), 0 hit(s), 0 error(s), 1 left on base; Augusta 2 - Royse City 3
TOP OF THE 5TH
Augusta Timber Hawks batting - Pitching for Royse City Targaryens : RHP Stanley Neal
Batting: RHB Claudio Mendoza 0-0: Ball
1-0: Foul Ball, location: 2F
1-1: Ground out 4-3 (Groundball, 4M)
Batting: LHB Gustavo Vázquez 0-0: SINGLE (Groundball, 3D)
Batting: RHB Marlon Cummins 0-0: Called Strike
0-1: Foul Ball, location: 2F
0-2: Ball
1-2: Strikes out swinging
Batting: RHB Enrique Pimentel 0-0: Called Strike
Gustavo Vázquez steals 2nd base
0-1: Foul Ball, location: 2F
0-2: Foul Ball, location: 2F
0-2: Ground out 4-3 (Groundball, 4M)
Top of the 5th over - 0 run(s), 1 hit(s), 0 error(s), 1 left on base; Augusta 2 - Royse City 3
BOTTOM OF THE 5TH
Royse City Targaryens batting - Pitching for Augusta Timber Hawks : RHP Jim Unknown
Batting: LHB Eduardo Álvarez 0-0: Ball
1-0: Called Strike
1-1: Ball
2-1: Ground out U3 (Groundball, 3L)
Batting: LHB Carlos Álvarez 0-0: Ball
1-0: Ball
2-0: SOLO HOME RUN (Flyball, 9LD), Distance : 355 ft
Batting: LHB Sébastien Rolland 0-0: Ball
1-0: Called Strike
1-1: Called Strike
1-2: Strikes out swinging
Batting: RHB Héctor Ruíz 0-0: Called Strike
0-1: Foul Ball, location: 2F
0-2: Ball
1-2: Foul Ball, location: 2F
1-2: Foul Ball, location: 2F
1-2: Strikes out swinging
Bottom of the 5th over - 1 run(s), 1 hit(s), 0 error(s), 0 left on base; Augusta 2 - Royse City 4
TOP OF THE 6TH
Augusta Timber Hawks batting - Pitching for Royse City Targaryens : RHP Stanley Neal
Pitching: RHP Bo Tubbs
Batting: RHB Rob Warner 0-0: Ball
1-0: Ball
2-0: Foul Ball, location: 2F
2-1: Ground out 5-3 (Groundball, 56S)
Batting: LHB Juan Rodríguez 0-0: Foul Ball, location: 2F
0-1: Ball
1-1: Ball
2-1: Ball
3-1: Base on Balls
Batting: LHB Chris Rice 0-0: Ball
Pickoff Throw to First - Error! E1
Juan Rodríguez to second
1-0: Ball
2-0: Fly out, F6 (Line Drive, 56)
Batting: LHB Emílio Barbán 0-0: Ball
1-0: Called Strike
1-1: Ball
2-1: Ball
3-1: Swinging Strike
3-2: Foul Ball, location: 2F
3-2: Ground out 6-3 (Groundball, 6)
Top of the 6th over - 0 run(s), 0 hit(s), 1 error(s), 1 left on base; Augusta 2 - Royse City 4
BOTTOM OF THE 6TH
Royse City Targaryens batting - Pitching for Augusta Timber Hawks : RHP Jim Unknown
Batting: LHB José Tamayo 0-0: SINGLE (Line Drive, 4MD)
Batting: LHB Aurelio Aurillo 0-0: Ball
José Tamayo is caught stealing 2nd base
1-0: Foul Ball, location: 2F
1-1: Ball
2-1: SINGLE (Line Drive, 78M)
Pitching: LHP Roberto Bruno
Batting: LHB Shang-de Zhang 0-0: SINGLE (Line Drive, 8RS)
Aurelio Aurillo to second
Batting: RHB Sancho Balderas 0-0: Swinging Strike
0-1: Ball
1-1: Fly out, F5 (Line Drive, 5)
1-1: Lined into DP, 5-4 (Line Drive, 5)
Bottom of the 6th over - 0 run(s), 3 hit(s), 0 error(s), 1 left on base; Augusta 2 - Royse City 4
TOP OF THE 7TH
Augusta Timber Hawks batting - Pitching for Royse City Targaryens : RHP Bo Tubbs
Batting: RHB Ralph McKnight 0-0: Ball
1-0: Ball
2-0: Ball
3-0: Base on Balls
Batting: RHB Claudio Mendoza 0-0: Called Strike
0-1: Ball
1-1: Bunted foul
1-2: Ground out 5-3 (Groundball, 5S)
Ralph McKnight to second
Batting: LHB Gustavo Vázquez 0-0: Ball
1-0: Ball
2-0: Foul Ball, location: 2F
2-1: Ball
3-1: Base on Balls
Pinch Hitting: RHB Bob Sargent 0-0: Called Strike
Ralph McKnight steals 3rd base
Gustavo Vázquez to second
0-1: Ball
1-1: Foul Ball, location: 2F
1-2: Ground out 6-3 (Groundball, 6M)
Ralph McKnight scores
Gustavo Vázquez to third
Batting: RHB Enrique Pimentel 0-0: Ground out 6-3 (Groundball, 6M)
Top of the 7th over - 1 run(s), 0 hit(s), 0 error(s), 1 left on base; Augusta 3 - Royse City 4
BOTTOM OF THE 7TH
Royse City Targaryens batting - Pitching for Augusta Timber Hawks : LHP Roberto Bruno
Now at 2B: Michael Taylor
Batting: LHB Jorge Garza 0-0: Ball
1-0: Called Strike
1-1: Ball
2-1: Ball
3-1: Called Strike
3-2: Ground out 4-3 (Groundball, 4)
Batting: LHB Eduardo Álvarez 0-0: Fly out, F9 (Flyball, 89S)
Batting: LHB Carlos Álvarez 0-0: Ball
1-0: Called Strike
1-1: Fly out, F9 (Flyball, 89XD)
Bottom of the 7th over - 0 run(s), 0 hit(s), 0 error(s), 0 left on base; Augusta 3 - Royse City 4
TOP OF THE 8TH
Augusta Timber Hawks batting - Pitching for Royse City Targaryens : RHP Bo Tubbs
Pitching: RHP John Hicks
Batting: RHB Rob Warner 0-0: Called Strike
0-1: Swinging Strike
0-2: Strikes out looking
Pitching: LHP Roberto Aguirre
Batting: LHB Juan Rodríguez 0-0: Called Strike
0-1: Ball
1-1: Ball
2-1: Ball
3-1: Base on Balls
Pinch Hitting: RHB Hiwahikeiki Noelani 0-0: Ball
1-0: Called Strike
1-1: Fly out, F2 (Popup, 2LF)
Batting: LHB Emílio Barbán 0-0: Called Strike
0-1: Ball
1-1: Foul Ball, location: 2F
1-2: 2-RUN HOME RUN (Flyball, 78XD), Distance : 402 ft
Batting: RHB Ralph McKnight 0-0: Ball
1-0: Called Strike
1-1: Foul Ball, location: 2F
1-2: SINGLE (Line Drive, 9S)
Batting: RHB Claudio Mendoza 0-0: Ball
1-0: Swinging Strike
1-1: Foul Ball, location: 2F
1-2: Ball
2-2: Foul Ball, location: 2F
2-2: Strikes out looking
Top of the 8th over - 2 run(s), 2 hit(s), 0 error(s), 1 left on base; Augusta 5 - Royse City 4
BOTTOM OF THE 8TH
Royse City Targaryens batting - Pitching for Augusta Timber Hawks : LHP Roberto Bruno
Pitching: LHP Billy Black
Now in LF: Hiwahikeiki Noelani
Batting: LHB Sébastien Rolland 0-0: Called Strike
0-1: Swinging Strike
0-2: Ball
1-2: Strikes out swinging
Pitching: RHP Tyler Rodríguez
Batting: RHB Héctor Ruíz 0-0: Foul Ball, location: 2F
0-1: Ground out 6-3 (Groundball, 6M)
Batting: LHB José Tamayo 0-0: Called Strike
0-1: Ball
1-1: Ball
2-1: SINGLE (Line Drive, 4MD)
Batting: LHB Aurelio Aurillo 0-0: Ball
1-0: Ball
2-0: Foul Ball, location: 2F
2-1: DOUBLE (Groundball, 3L)
José Tamayo to third
Runner from 3rd tries for Home, SAFE, no throw or cutoff
Batting: LHB Shang-de Zhang 0-0: Foul Ball, location: 2F
0-1: Foul Ball, location: 2F
0-2: Foul Ball, location: 2F
0-2: Foul Ball, location: 2F
0-2: DOUBLE (Flyball, 78M)
Aurelio Aurillo scores
Batting: RHB Sancho Balderas 0-0: Foul Ball, location: 2F
0-1: Called Strike
0-2: Fly out, F8 (Flyball, 8LM)
Bottom of the 8th over - 2 run(s), 3 hit(s), 0 error(s), 1 left on base; Augusta 5 - Royse City 6
TOP OF THE 9TH
Augusta Timber Hawks batting - Pitching for Royse City Targaryens : LHP Roberto Aguirre
Pitching: RHP Mark Sinclair
Batting: LHB Gustavo Vázquez 0-0: Ball
1-0: Foul Ball, location: 2F
1-1: Ball
2-1: Ball
3-1: Base on Balls
Batting: RHB Michael Taylor 0-0: Ball
1-0: Swinging Strike
1-1: Ground out 5-3 (Groundball, 6)
Gustavo Vázquez to second
Batting: RHB Enrique Pimentel 0-0: Called Strike
0-1: Swinging Strike
0-2: Foul Ball, location: 2F
0-2: Ball
1-2: Strikes out swinging
Batting: RHB Rob Warner 0-0: Called Strike
0-1: Fly out, F7 (Flyball, 78D)
Top of the 9th over - 0 run(s), 0 hit(s), 0 error(s), 1 left on base; Augusta 5 - Royse City 6
This league is powered by Out of the Park Baseball, the baseball management simulation game for PC, Mac and Linux
Friday, July 8th, 2016 - OOTP Baseball 16.9 Build 39